 Dungeon Crawl Stone Soup version 0.28-a0-851-g8b9cc49659 (webtiles) character file.

Game seed: 7759837346443031738

128 jasper the Digger (level 5, -1/28 HPs)
             Began as a Gargoyle Earth Elementalist on Nov 15, 2021.
             Slain by a river rat (7 damage)
             ... on level 3 of the Dungeon.
             The game lasted 00:05:11 (2946 turns).

jasper the Digger (Gargoyle Earth Elementalist)     Turns: 2946, Time: 00:05:11

Health: -1/28      AC:  6    Str: 11    XL:     5   Next: 11%
Magic:  3/8        EV: 12    Int: 17    God:
Gold:   78         SH:  0    Dex: 16    Spells: 3/9 levels left

rFire   . . .      SeeInvis .   f - +0 dagger (venom)
rCold   . . .      Faith    .   (no shield)
rNeg    + . .      Spirit   .   b - +0 robe
rPois   ∞          Reflect  .   (no helmet)
rElec   +          Harm     .   (no cloak)
rCorr   .          Rampage  .   (no gloves)
Will    .....                   (no boots)
Stlth   +.........              (no amulet)
HPRegen 0.09/turn               h - +6 ring of dexterity
MPRegen 0.11/turn               (no ring)

@: very slow
A: sickness immunity, AC +4, negative energy resistance 1, electricity
resistance, torment resistance 1, petrification resistance
a: no special abilities


You were on level 3 of the Dungeon.
You visited 1 branch of the dungeon, and saw 3 of its levels.

You collected 78 gold pieces.

Inventory:

Hand Weapons
 f - a +0 dagger of venom (weapon)
 l - a +0 quarterstaff
Missiles
 c - 26 stones
Armour
 b - a +0 robe (worn)
 d - a +0 kite shield
 e - a +0 cloak
Jewellery
 h - a +6 ring of dexterity (left hand)
Scrolls
 a - a scroll of magic mapping {unknown}
 i - 2 scrolls of enchant armour {unknown}
 j - a scroll of acquirement {unknown}
 k - a scroll of holy word {unknown}
 m - a scroll of identify {unknown}
 n - a scroll of teleportation {unknown}
Potions
 g - a potion of curing {unknown}


   Skills:
 - Level 1.5 Dodging
 - Level 2.1 Stealth
 + Level 2.5 Spellcasting
 + Level 1.7 Conjurations
 - Level 0.7 Transmutations
 * Level 6.0 Earth Magic


You had 3 spell levels left.
You knew the following spells:

 Your Spells              Type           Power      Damage    Failure   Level
a - Sandblast             Erth           44%        2d11      1%          1
b - Passwall              Tmut/Erth      10%        N/A       7%          2
c - Stone Arrow           Conj/Erth      30%        3d8       11%         3

Your spell library contained the following spells:

 Spells                   Type           Power      Damage    Failure   Level
 Petrify                  Tmut/Erth      13%        N/A       41%         4
 Summon Forest            Summ/Tloc      1%         N/A       99%         5
 Eringya's Noxious Bog    Tmut/Pois      1%         N/A       100%        6
 Summon Hydra             Summ           1%         N/A       100%        7


Dungeon Overview and Level Annotations

Branches:
Dungeon (3/15)

Altars:


Innate Abilities, Weirdness & Mutations

You are immune to sickness and miasma.
Your stone body is resilient. (AC +4)
You are immune to poison.
You resist negative energy. (rN+)
You are resistant to electric shocks. (rElec)
You are resistant to unholy torment.
You are immune to petrification.


Message History

The quokka splashes around in the water.
Your unstable footing causes you to fumble your attack.
The quokka misses you.
You hit the quokka.
The quokka is poisoned.
The quokka is moderately wounded.
The quokka bites you but does no damage.
You miss the quokka.
The quokka is heavily wounded.
The quokka splashes around in the water. x2
Your unstable footing causes you to fumble your attack.
You kill the quokka!
You hear the brisk rusting of a drain.
A river rat comes into view.
A giant cockroach comes into view.
The river rat bites you.
A quokka comes into view.
The river rat bites you. The river rat misses you.
You take 7 damage, and have 12/28 hp.
MASSIVE DAMAGE!!
You regained 2 mp, and now have 6/8 mp.
Aiming: Sandblast (safe; 1% risk of failure)
Press: ? - help, Q - select action, (/) - cycle Shift-Dir - straight line, f - river rat
Aim: a river rat (78% to hit)
The blast of sand misses the river rat.
The river rat bites you.
You take 2 damage, and have 10/28 hp.
You now have 5/8 mp.
Aiming: Sandblast (safe; 1% risk of failure)
Press: ? - help, Q - select action, (/) - cycle Shift-Dir - straight line, f/p - river rat
Aim: a river rat (78% to hit)
The blast of sand hits the river rat!
The river rat is almost dead.
The river rat bites you.
* * * LOW HITPOINT WARNING * * *
You take 4 damage, and have 6/28 hp.
You now have 4/8 mp.
Aiming: Sandblast (safe; 1% risk of failure)
Press: ? - help, Q - select action, (/) - cycle Shift-Dir - straight line, f/p - river rat
Aim: a river rat (almost dead, 78% to hit)
The blast of sand misses the river rat.
The river rat bites you!
You die...

.....<.#.......#.....##....
##.........#..#.#####.........#
.............#........##......
#.........##...........#......
#.........###............#....
#.....................#.)#....
#............####..#####))....
#..........###≈≈####≈≈##††....
####...........#@r≈≈≈≈≈≈≈≈.......
..............###≈≈####≈≈####....
.######.#####.###B## #### #.## .#
#....#####...#≈# .#
##...##.......###r# #
#..........#..# #≈#
.............## #≈≈
....####....## ≈≈≈ ... #......


You could see a river rat, a quokka and a giant cockroach.

Vanquished Creatures
  Terence (D:2)
  3 adders
  3 worms
  A dart slug (D:1)
  3 orcs (D:3)
  4 endoplasms
  3 giant cockroaches (D:1)
  6 goblins
  5 hobgoblins
  4 jackals (D:2)
  A quokka (D:3)
  8 ball pythons
  7 bats
  5 kobolds
  3 rats (D:2)
57 creatures vanquished.

Notes
Turn   | Place    | Note
-------+----------+-------------------------------------------
     0 | D:1      | jasper the Gargoyle Earth Elementalist began the quest for
                  | the Orb.
     0 | D:1      | Reached XP level 1. HP: 10/10 MP: 3/3
   145 | D:1      | Reached skill level 4 in Earth Magic
   262 | D:1      | Found a faded altar of an unknown god.
   312 | D:1      | Reached XP level 2. HP: 14/15 MP: 0/5
   727 | D:1      | Reached XP level 3. HP: 19/19 MP: 6/6
   734 | D:1      | Learned a level 2 spell: Passwall
   736 | D:1      | Reached skill level 5 in Earth Magic
   740 | D:1      | Learned a level 3 spell: Stone Arrow
  1227 | D:2      | Noticed Terence
  1264 | D:2      | Killed Terence
  1265 | D:2      | Reached skill level 1 in Conjurations
  1265 | D:2      | Reached XP level 4. HP: 4/24 MP: 4/7
  2894 | D:3      | Reached XP level 5. HP: 28/28 MP: 5/8
  2927 | D:3      | Reached skill level 6 in Earth Magic
  2946 | D:3      | Slain by a river rat

Illustrated notes

Levels and vault maps discovered:
D:1:      psy_arrival_heroes, layout_loops_ring,
          chequers_ecumenical_altar_island, item_on_display_a
D:2:      layout_loops_corners, uniq_terence
D:3:      layout_rooms, gammafunk_temple_overflow_statue,
          gup_sewer_entry_bubbles, dk_noncrumbling_2, nrook_uturn, st_stairs_2,
          uniq_natasha

Skill      XL: |  1  2  3  4  5 |
---------------+----------------+-----
Earth Magic    | 4 5 6 |  6.0
Conjurations   | 1 |  1.7
Dodging        | |  1.5
Stealth        | |  2.1
Spellcasting   | |  2.5
Transmutations | |  0.7

Action                   |  1- 3 |  4- 6 || total
-------------------------+-------+-------++-------
Melee: Dagger            |    12 |    51 ||    63
 Cast: Sandblast         |    37 |    23 ||    60
  Use: Scroll            |     1 |       ||     1
 Stab: Sleeping          |       |     2 ||     2
Armor: Robe              |     7 |    14 ||    21
Dodge: Dodged            |    18 |    39 ||    57

Table legend: (Time is in decaauts)
 A = Elapsed time spent in this place.
 B = Non-inter-level travel time spent in this place.
 C = Inter-level travel time spent in this place.
 D = Time resting spent in this place.
 E = Time spent auto-exploring this place.
 F = Levels seen in this place.
 G = Mean time per level.
                   A        B        C        D        E       F      G
               +--------+--------+--------+--------+--------+-----+--------+
         Total |   2953 |   2888 |     65 |    242 |   2202 |   3 |  984.3 |
       Dungeon |   2953 |   2888 |     65 |    242 |   2202 |   3 |  984.3 |
               +--------+--------+--------+--------+--------+-----+--------+

Top non-repeatable levels by time:
     D:2: 1768 daAuts
     D:1: 1003 daAuts
     D:3: 181 daAuts
